 Dungeon Crawl Stone Soup version 0.32-a0-450-g080537f31e (webtiles) character file.

Game seed: 11862668999463799073

2837833 FexLirch the Fencer (level 27, 168/168 HPs)
             Began as a Vine Stalker Brigand on Apr 24, 2023.
             Was the Champion of Cheibriados.
             Escaped with the Orb
             ... and 4 runes on Feb 24, 2024!
             The game lasted 08:23:19 (51413 turns).

FexLirch the Fencer (Vine Stalker Brigand)         Turns: 51413, Time: 08:23:20

Health: 168/168    AC: 45    Str: 33    XL:     27
Magic:  37/52      EV: 25    Int: 36    God:    Cheibriados [******]
Gold:   6940       SH:  0    Dex: 38    Spells: 8/54 levels left

rFire   + + .        H - +9 triple sword (flame)
rCold   + + +        (shield currently unavailable)
rNeg    + . .        w - +12 crystal plate armour "Wogek" {rF+ Will+ Str+3}
rPois   +            E - +3 hat of Pondering {ponderous, Will+ MP+10 Int+5}
rElec   +            c - scarf {rC+ rF+}
rCorr   .            J - +2 pair of gloves
SInv    +            R - +2 pair of boots {Fly}
Will    ++++.        A - amulet "Ufiushre" {RegenMP rC++ Int-4} Stlth
                     b - ring of see invisible
HPRegen 1.28/turn    p - ring of Maggosm {rElec rPois rN+ Will- Int+3}
MPRegen 0.73/turn

%: guardian spirit
@: flying, studying 2 skills, very slow
A: fangs 3, regeneration 1, magic shield, antimagic bite, no potion heal 2,
robust 1, inability to drink after injury 1
0: Orb of Zot
}: 4/15 runes: decaying, serpentine, slimy, abyssal
a: Renounce Religion, Bend Time, Temporal Distortion, Slouch, Step From Time


You escaped.
You worshipped Cheibriados.
Cheibriados was exalted by your worship.
You visited 12 branches of the dungeon, and saw 55 of its levels.
You visited the Abyss 1 time.
You also visited: Bailey, Gauntlet and Ice Cave.

You collected 8641 gold pieces.
You spent 1701 gold pieces at shops.

Inventory:

Hand Weapons
 e - a +5 demon blade of freezing
 o - the +6 scimitar "Joinodaga" {drain, Int+10}
   (You found it on level 2 of the Depths)

   Int+10:    It affects your intelligence (+10).
 r - the +3 long sword "Wili" {freeze, *Corrode rElec rF++ Stlth+}
   (You found it on level 12 of the Dungeon)

   rF++:      It greatly protects you from fire.
   rElec:     It insulates you from electricity.
   *Corrode:  It may corrode you when you take damage.
   Stlth+:    It makes you more stealthy.
 x - the +9 sword of Power {lifebolt}
   (You found it on level 1 of the Vaults)
 H - a +9 triple sword of flaming (weapon)
Armour
 a - a +4 tower shield of cold resistance
 c - a scarf of resistance (worn)
 w - the +12 crystal plate armour "Wogek" (worn) {rF+ Will+ Str+3}
   (You took it off a minotaur in a Gauntlet)

   Str+3:     It affects your strength (+3).
   rF+:       It protects you from fire.
   Will+:     It increases your willpower.
 E - the +3 hat of Pondering (worn) {ponderous, Will+ MP+10 Int+5}
   (You found it on level 3 of the Crypt)

   Int+5:     It affects your intelligence (+5).
   Will+:     It increases your willpower.
   MP+10:     It affects your magic capacity (+10).
 J - a +2 pair of gloves (worn)
 K - the +1 helmet of Beyond {rF+ Str+7}
   (You found it on level 3 of the Lair of Beasts)

   Str+7:     It affects your strength (+7).
   rF+:       It protects you from fire.
 R - a +2 pair of boots of flying (worn)
Jewellery
 b - a ring of see invisible (left hand)
 g - a +5 ring of evasion
 h - a +6 ring of intelligence
 m - the ring "Zequsyx" {rPois AC+4}
   (You found it on level 3 of the Elven Halls)

   [ring of protection]

   AC+4:      It affects your AC (+4).
   rPois:     It protects you from poison
 n - the ring "Cithat" {rF+ rC+ Dex+4 Slay+3}
   (You found it on level 2 of the Dungeon)

   [ring of protection from cold]

   Dex+4:     It affects your dexterity (+4).
   Slay+3:    It affects your accuracy & damage with ranged weapons and melee
   (+3).
   rF+:       It protects you from fire.
   rC+:       It protects you from cold.
 p - the ring of Maggosm (right hand) {rElec rPois rN+ Will- Int+3}
   (You found it on level 3 of the Crypt)

   [ring of positive energy]

   Int+3:     It affects your intelligence (+3).
   rElec:     It insulates you from electricity.
   rPois:     It protects you from poison rN+: It protects you from negative
   energy.
   Will-:     It decreases your willpower.
 v - the ring of Honesty {*Corrode rN+ MP+9 Slay+6}
   (You acquired it on level 3 of the Swamp)

   [ring of magical power]

   Slay+6:    It affects your accuracy & damage with ranged weapons and melee
   (+6).
   rN+:       It protects you from negative energy.
   MP+9:      It affects your magic capacity (+9).
   *Corrode:  It may corrode you when you take damage.
 A - the amulet "Ufiushre" (around neck) {RegenMP rC++ Int-4}
   (You bought it in a shop on level 2 of the Orcish Mines)

   [amulet of magic regeneration]

   RegenMP:   It increases your rate of magic regeneration.
   Int-4:     It affects your intelligence (-4).
   rC++:      It greatly protects you from cold.
 C - a ring of flight
 V - a ring of willpower
 Y - the ring of the Mage {Wiz Archmagi}
   (You found it on level 3 of the Vaults)

   [ring of wizardry]

   Wiz:       It improves your spell success rate.
   Archmagi:  It increases the power of your magical spells.
 Z - the ring of Maitaarch {rElec rPois rN+ Int-4 Stlth-}
   (You found it on level 3 of the Crypt)

   [ring of positive energy]

   Int-4:     It affects your intelligence (-4).
   rElec:     It insulates you from electricity.
   rPois:     It protects you from poison rN+: It protects you from negative
   energy.
   Stlth-:    It makes you less stealthy.
Wands
 f - a wand of roots (35)
 U - a wand of digging (19)
Scrolls
 j - 12 scrolls of fog
 k - 11 scrolls of immolation
 l - 10 scrolls of vulnerability
 q - 6 scrolls of summoning
 s - 9 scrolls of fear
 G - 11 scrolls of blinking
 L - 4 scrolls of silence
 M - 20 scrolls of teleportation
 N - 4 scrolls of torment
 P - 17 scrolls of poison
 S - 4 scrolls of revelation
 T - 3 scrolls of brand weapon
Potions
 d - 9 potions of mutation
 i - 5 potions of invisibility
 t - 8 potions of cancellation
 u - 2 potions of berserk rage
 y - 9 potions of enlightenment
 z - 7 potions of attraction
 B - 2 potions of magic
 D - 4 potions of brilliance
 F - 5 potions of lignification
 I - 29 potions of curing
 O - 6 potions of might
 W - 6 potions of ambrosia
 X - 5 potions of resistance
Miscellaneous
 Q - a lightning rod (4/4)


   Skills:
 + Level 18.6 Fighting
 - Level 1.7(13.8) Short Blades
 + Level 20.8 Long Blades
 - Level 1.7 Throwing
 + Level 14.6 Armour
 + Level 17.5 Dodging
 - Level 13.1 Stealth
 + Level 14.1 Spellcasting
 - Level 2.0 Hexes
 - Level 9.0 Summonings
 + Level 12.9 Necromancy
 - Level 17.0 Translocations
 + Level 6.7 Earth Magic
 - Level 15.0 Invocations


You had 8 spell levels left.
You knew the following spells:

 Your Spells              Type           Power      Damage    Failure   Level
a - Apportation           Tloc           100%       N/A       1%          1
b - Vhi's Electric Charg  Tloc/Air       100%       N/A       6%          4
c - Sublimation of Blood  Necr           87%        N/A       1%          2
d - Blink                 Tloc           100%       N/A       1%          2
e - Lesser Beckoning      Tloc           100%       N/A       1%          2
f - Manifold Assault      Tloc           99%        N/A       1%          4
g - Dispersal             Tloc           49%        N/A       2%          6
h - Passage of Golubria   Tloc           99%        N/A       1%          4
i - Fugue of the Fallen   Necr           87%        N/A       1%          3
j - Animate Dead          Necr           87%        N/A       1%          4
k - Martyr's Knell        Necr/Summ      81%        N/A       2%          4
l - Death Channel         Necr           43%        N/A       16%         6
m - Animate Armour        Summ/Erth      100%       N/A       8%          4

Your spell library contained the following spells:

 Spells                   Type           Power      Damage    Failure   Level
 Kiss of Death            Conj/Necr      100%       2d13      1%          1
 Necrotise                Necr           100%       1d9       1%          1
 Sandblast                Erth           100%       2d20      1%          1
 Summon Small Mammal      Summ           100%       N/A       1%          1
 Call Imp                 Summ           100%       N/A       1%          2
 Momentum Strike          Conj/Tloc      100%       3d10      1%          2
 Call Canine Familiar     Summ           74%        N/A       1%          3
 Gell's Gravitas          Tloc           99%        N/A       1%          3
 Teleport Other           Tloc           99%        N/A       1%          3
 Vampiric Draining        Necr           87%        2d12      1%          3
 Volatile Blastmotes      Fire/Tloc      100%       2d18      1%          3
 Dispel Undead            Necr           87%        3d28      1%          4
 Curse of Agony           Necr           87%        N/A       2%          5
 Summon Forest            Summ/Tloc      43%        N/A       2%          5
 Passwall                 Erth           65%        N/A       3%          3
 Cigotuvi's Dreadful Rot  Necr/Alch/Air  100%       N/A       4%          2
 Dimensional Bullseye     Hex/Tloc       38%        N/A       4%          4
 Iskenderun's Mystic Bla  Conj/Tloc      72%        2d15      6%          4
 Slow                     Hex            100%       N/A       9%          1
 Anguish                  Hex/Necr       34%        N/A       9%          4
 Summon Ice Beast         Ice/Summ       55%        N/A       10%         3
 Borgnjor's Vile Clutch   Necr/Erth      38%        N/A       10%         5
 Jinxbite                 Hex            80%        N/A       13%         2
 Stone Arrow              Conj/Erth      98%        3d13      14%         3
 Sting                    Conj/Alch      100%       1d9       21%         1
 Ensorcelled Hibernation  Hex/Ice        64%        N/A       21%         2
 Confusing Touch          Hex            40%        N/A       26%         3
 Sigil of Binding         Hex            40%        N/A       26%         3
 Tukima's Dance           Hex            40%        N/A       26%         3
 Mercury Vapours          Alch/Air       50%        N/A       30%         2
 Scorch                   Fire           50%        2d7       30%         2
 Summon Blazeheart Golem  Fire/Summ      55%        N/A       30%         4
 Summon Lightning Spire   Summ/Air       55%        N/A       30%         4
 Lee's Rapid Deconstruct  Erth           32%        3d17*     34%         5
 Brom's Barrelling Bould  Conj/Erth      49%        2d7       43%         4
 Leda's Liquefaction      Alch/Erth      24%        N/A       43%         4
 Petrify                  Alch/Erth      49%        N/A       43%         4
 Summon Mana Viper        Hex/Summ       60%        N/A       50%         5
 Frozen Ramparts          Ice            50%        1d8       52%         3
 Mephitic Cloud           Conj/Alch/Air  25%        N/A       52%         3
 Ozocubu's Armour         Ice            25%        N/A       52%         3
 Summon Cactus Giant      Summ           37%        N/A       58%         6
 Cause Fear               Hex            20%        N/A       63%         4
 Disjunction              Tloc           49%        N/A       77%         8
 Haunt                    Necr/Summ      40%        N/A       88%         7
 Flame Wave               Conj/Fire      25%        2d8       89%         4
 Fulminant Prism          Conj/Alch      12%        3d9       89%         4
 Ignite Poison            Fire/Alch      25%        N/A       89%         4
 Sticky Flame             Fire/Alch      25%        2d6       89%         4
 Metabolic Englaciation   Hex/Ice        16%        N/A       98%         5
 Yara's Violent Unravell  Hex/Alch       16%        3d8       98%         5
 Alistair's Intoxication  Alch           16%        N/A       99%         5
 Arcjolt                  Conj/Air       12%        1d22      99%         5
 Freezing Cloud           Conj/Ice/Air   12%        6-21      99%         5
 Irradiate                Conj/Alch      12%        3d15      99%         5
 Iskenderun's Battlesphe  Conj           25%        2d8       99%         5
 Monstrous Menagerie      Summ           37%        N/A       99%         7
 Summon Hydra             Summ           37%        N/A       99%         7
 Bombard                  Conj/Erth      24%        9d5       100%        6
 Sculpt Simulacrum        Ice/Alch       12%        N/A       100%        6
 Enfeeble                 Hex            20%        N/A       100%        7
 Spellforged Servitor     Conj/Summ      27%        N/A       100%        7
 Borgnjor's Revivificati  Necr           43%        N/A       100%        8
 Ignition                 Fire           12%        3d6       100%        8
 Infestation              Necr           43%        N/A       100%        8
 Lehudib's Crystal Spear  Conj/Erth      24%        10d7      100%        8
 Maxwell's Capacitive Co  Air            12%        ∞         100%        8
 Death's Door             Necr           43%        N/A       100%        9
 Polar Vortex             Ice            12%        12d1*     100%        9


Dungeon Overview and Level Annotations

Branches:
Dungeon (15/15)            Temple (1/1) D:7            Lair (5/5) D:11
  Swamp (4/4) Lair:2        Snake (4/4) Lair:3        Slime (5/5) Lair:4
    Orc (2/2) D:11            Elf (3/3) Orc:2        Vaults (4/5) D:14
  Crypt (3/3) Vaults:2       Tomb (0/3) Crypt:3      Depths (4/4) D:15
    Zot (5/5) Depths:4     Bailey (visited)           IceCv (visited)
Gauntlet (visited)

Altars:
Ashenzari
Cheibriados
Dithmenos
Elyvilon
Fedhas
Gozag
Hepliaklqana
Kikubaaqudgha
Makhleb
Nemelex Xobeh
Okawaru
Qazlal
Ru
Sif Muna
Trog
Uskayaw
Vehumet
Wu Jian
Xom
Yredelemnul
Zin
The Shining One
Jiyva

Shops:
D:9 =   D:15 [   Orc:1 !   Orc:2 :**[(   Elf:3 :==   Snake:2 ([   Snake:3 (
Snake:4 *   Vaults:2 [   Vaults:4 *

Portals:
Hell: Depths:1 Depths:2 Depths:3 Depths:4
Abyss: D:12 Depths:2 Depths:3 Depths:4
Pandemonium: Depths:2 Depths:3
Ziggurat: Depths:2

Annotations:
D:5 exclusion: black bear
Elf:3 1 exclusion
Vaults:4 1 transporter, exclusion: 3 downstairs
Crypt:1 1 runed translucent door, Micliseo's ghost, adept GrFi
Zot:2 2 transporters, Qunuun's ghost, legendary DsFi


Innate Abilities, Weirdness & Mutations

You have razor-sharp teeth.
Your natural rate of healing is unusually fast.
When hurt, damage is shared between your health and your magic reserves.
Your bite disrupts and absorbs the magic of your enemies.
Potions cannot restore your health.
You are robust. (+10% HP)
You occasionally lose the ability to drink potions when taking damage.


Message History

[a rock wall.]
The rock shatters into small pieces.
Casting: Passage of Golubria (safe; 1% risk of failure)
Confirm with . or Enter, or press ? or * to list all spells.
Aiming: Passage of Golubria (safe; 1% risk of failure)
Press: ? - help, Dir - move target You enter the passage of Golubria.
There is a passage of Golubria here.
Casting: Passage of Golubria (safe; 1% risk of failure)
Confirm with . or Enter, or press ? or * to list all spells.
Aiming: Passage of Golubria (safe; 1% risk of failure)
Press: ? - help, Dir - move target
Okay, then.
Unknown command.
Casting: Passage of Golubria (safe; 1% risk of failure)
Confirm with . or Enter, or press ? or * to list all spells.
Aiming: Passage of Golubria (safe; 1% risk of failure)
Press: ? - help, Dir - move target You enter the passage of Golubria.
Aiming: Dig
Press: ? - help, Shift-Dir - straight line You can't see that place. [the floor.]
The rock shatters into small pieces.
Casting: Passage of Golubria (safe; 1% risk of failure)
Confirm with . or Enter, or press ? or * to list all spells.
Aiming: Passage of Golubria (safe; 1% risk of failure)
Press: ? - help, Dir - move target You enter the passage of Golubria.
Casting: Passage of Golubria (safe; 1% risk of failure)
Confirm with . or Enter, or press ? or * to list all spells.
Aiming: Passage of Golubria (safe; 1% risk of failure)
Press: ? - help, Dir - move target You enter the passage of Golubria.
You enter the passage of Golubria.
There is a staircase leading out of the dungeon here.
Okay, then.
Unknown command.
You step out of the flow of time.
You return to the normal time flow.
You have escaped!

###.#..# #####.####.#### #.......
....#..########.###.######.######
#####.#.##.......^......##.# #
#.####..............##.# # #.#
#..###.######..##.# # #.#
#..#........#..##.# # #.#
#..#........#.....# # #####.#
#......^....#..##.# # ......#
#..#...@....#..##.# #
##########..#...........##.### #
............#........#..##...# #
#######.##..#........#..##...# #
#.##..######.###..##...# ## ##
#.##..............##...# #. .#
####..............##...# #. .#
#####.###########.### #. .# ##.#
#.# ##


There were no monsters in sight!

Vanquished Creatures
  the Royal Jelly (Slime:5)
  2 dread liches (Zot:5)
  An ancient lich (Zot:5)
  3 orbs of fire (Zot:5)
  Mara (Snake:4)
  2 juggernauts
  Sojobo (Crypt:2)
  Vv (Depths:2)
  Parghit (Depths:4)
  Bai Suzhen (Crypt:2)
  2 Killer Klowns (Zot:5)
  Boris (twice) (Depths:1 Depths:2)
  6 caustic shrikes
  5 curse toes
  9 golden dragons
  A profane servitor (Crypt:3)
  2 bone dragons
  A shard shrike zombie (Crypt:3)
  2 electric golems (Zot:5)
  16 tentacled monstrosities
  Rupert (Orc:2)
  6 liches
  11 quicksilver dragons
  3 deep elf blademasters
  A walking earthen tome (Depths:3)
  An Ice Fiend (D:3)
  10 Orb Guardians
  Mlioglotl (Snake:4)
  Asterion (Depths:1)
  2 deep elf master archers (Elf:3)
  6 sphinxes
  2 walking divine tomes
  18 acid blobs
  3 ancient champions
  4 death cobs
  A tentacled starspawn (Abyss:3)
  An Executioner (Abyss:2)
  9 storm dragons
  A kraken (Abyss:3)
  2 thorn hunters
  Aizul (Swamp:2)
  7 tengu reavers
  5 protean progenitors (Zot:1)
  10 azure jellies
  10 rockslimes
  Donald (Elf:2)
  Roxanne (D:15)
  8 shadow dragons
  3 draconian knights
  4 draconian monks
  A revenant (Crypt:1)
  6 fire giants
  6 nagarajas
  A fenstrider witch (Swamp:1)
  12 frost giants
  8 deep elf sorcerers
  6 draconian shifters
  8 vault wardens
  2 spectral caustic shrikes (Depths:1)
  6 ghost moths
  5 deep elf elementalists
  2 iron dragons
  3 draconian scorchers
  A juggernaut zombie (Abyss:2)
  9 ghouls
  3 orc warlords
  A cacodemon (D:4)
  3 reapers (Crypt:2)
  8 formless jellyfish
  5 draconian stormcallers
  6 ironbound thunderhulks
  7 quicksilver oozes
  10 ironbound preservers
  13 stone giants
  3 spriggan defenders
  4 draconian annihilators
  13 very ugly things
  4 vampire knights
  6 green draconians
  23 dire elephants
  7 black draconians
  9 deep elf annihilators
  6 deep elf death magi
  11 yellow draconians
  4 eleionomae
  9 deep elf demonologists
  A war gargoyle (Vaults:4)
  7 white draconians
  Azrael (D:15)
  11 purple draconians
  A minotaur (Gauntlet)
  7 red draconians
  4 spark wasps
  2 bunyips
  13 eidola
  A mummy priest (Crypt:3)
  14 yaktaur captains
  Josephine (D:9)
  11 ettins
  2 crystal guardians (Vaults:4)
  6 fire dragons
  A merfolk impaler (Depths:1)
  5 deep elf high priests
  5 jiangshi
  2 shambling mangroves (Swamp:4)
  An entropy weaver (Vaults:2)
  2 ghost crabs (Abyss:3)
  15 hydras
  2 quicksilver dragon skeletons (Crypt:2)
  18 vault guards
  The ghost of Zimovirch the Skirmisher, a journeyman HuWn of Gozag (D:12)
  2 spriggan zombies (Crypt:3)
  14 great orbs of eyes
  4 rakshasas
  A fenstrider witch zombie (Crypt:3)
  18 ice dragons
  2 spriggan air magi
  A bennu zombie (Crypt:2)
  2 peacekeepers (Vaults:4)
  3 salamander tyrants
  2 anacondas (Snake:4)
  Erica (Lair:2)
  12 alligators
  A satyr (Zot:1)
  10 centaur warriors
  6 ironbound frosthearts
  5 death knights
  17 death yaks
  8 vampire magi
  6 boulder beetles
  7 two-headed ogres
  A bennu skeleton (Crypt:1)
  7 naga warriors
  38 dancing weapons
  3 deep troll earth magi
  A tengu warrior (Depths:2)
  A titan zombie (Crypt:3)
  13 hell knights
  10 shock serpents
  9 naga sharpshooters
  4 orc high priests
  5 spriggan berserkers
  2 skysharks
  24 deep elf knights
  25 skeletal warriors
  A storm dragon zombie (Vaults:3)
  2 wretched stars (Abyss:3)
  2 sixfirhies
  2 fire crabs (Abyss:3)
  An iron troll (Depths:4)
  2 shadow wraiths
  A fire crab (shapeshifter) (Depths:3)
  3 sea snakes (Snake:2)
  3 salamander mystics
  6 goliath frogs
  3 bunyip zombies
  12 swamp dragons
  A death drake (Abyss:3)
  3 orb spiders (Zot:1)
  An orb spider (shapeshifter) (Depths:3)
  5 spriggan druids
  2 mana vipers (Snake:2)
  25 deep trolls
  14 arcanists
  3 flayed ghosts
  4 naga ritualists
  6 glowing orange brains
  2 golden dragon skeletons (Crypt:2)
  4 occultists
  20 deep elf archers
  29 deep elf pyromancers
  14 ironbound convokers
  23 phantasmal warriors
  4 harpies (Vaults:1)
  7 necromancers
  26 deep elf zephyrmancers
  2 large abominations (Abyss:2)
  12 bog bodies
  8 lindwurms
  46 ugly things
  14 orc knights
  A human zombie (Vaults:2)
  9 orc sorcerers
  2 manticores (D:12)
  A worldbinder (Abyss:2)
  A fire giant zombie (Vaults:3)
  3 will-o-the-wisps
  22 moths of wrath
  11 salamanders
  6 cyclopes
  2 naga zombies (Crypt:3)
  3 shining eyes
  Joseph (D:10)
  2 centaur zombies (Crypt:3)
  A black mamba (shapeshifter) (Abyss:2)
  11 vault sentinels
  3 elephants (Lair:5)
  Maurice (D:12)
  3 guardian serpents
  An apocalypse crab (Abyss:3)
  A fire giant skeleton (Crypt:2)
  2 kobold blastminers (Orc:2)
  2 smoke demons (Abyss:2)
  20 naga magi
  An orange demon (D:4)
  Maggie (D:10)
  A yaktaur zombie (Vaults:2)
  A rust devil (Depths:2)
  2 eyes of devastation
  20 black mambas
  7 cane toads
  An ice statue (IceCv)
  3 kobold demonologists
  A yaktaur (Vaults:3)
  An unseen horror (D:12)
  6 hellions
  5 komodo dragons
  5 rime drakes
  3 tengu conjurers
  3 human skeletons
  5 freezing wraiths
  An ancient zyme (Abyss:2)
  An ice devil (Abyss:2)
  A green draconian skeleton (Crypt:1)
  6 trolls
  2 queen bees (shapeshifter)
  A yaktaur skeleton (Vaults:2)
  19 hornets
  3 harpy zombies (Crypt:3)
  An iron troll skeleton (Crypt:1)
  8 tyrant leeches
  A hellwing (D:12)
  A hydra zombie (Crypt:3)
  A tengu simulacrum (Vaults:2)
  A wolf spider simulacrum (Lair:3)
  13 polar bears
  5 raiju
  An ettin zombie (Crypt:3)
  2 dream sheep (Lair:5)
  8 glass eyes
  Prince Ribbit (Bailey)
  4 fire dragon skeletons
  Sigmund (D:2)
  20 blink frogs (Lair:5)
  121 slime creatures
  3 water elementals
  3 black mamba zombies
  A radroach zombie (Crypt:2)
  A vampire (D:14)
  5 air elementals
  8 shadows
  12 wraiths
  2 wyverns
  22 spriggans
  2 dire elephant simulacra (Lair:3)
  6 humans (Bailey)
  61 yaks
  5 basilisks
  A ynoxinul (Abyss:3)
  7 fire elementals
  A hog (shapeshifter) (D:14)
  3 ushabtiu (Crypt:3)
  18 golden eyes
  A nameless horror (Zot:1)
  A wyvern (shapeshifter) (D:15)
  A wind drake skeleton (Crypt:1)
  3 redbacks (Vaults:2)
  A neqoxec (Abyss:3)
  19 swamp worms
  3 small abominations (Abyss:2)
  15 vampire mosquitoes
  5 wargs
  12 water moccasins
  25 nagas
  2 acid dragons
  7 hell hounds
  A glowing shapeshifter skeleton (Vaults:3)
  A sky beast (D:7)
  An ice beast (D:8)
  21 orc warriors
  5 black bears
  10 laughing skulls
  5 swamp drakes (Swamp:4)
  11 boggarts
  5 ogres
  A swamp dragon skeleton (Crypt:2)
  43 wolves
  5 centaurs
  A phantom (Crypt:3)
  A komodo dragon zombie (Crypt:1)
  20 bullfrogs
  2 rime drake skeletons (Crypt:1)
  4 kobold brigands
  5 earth elementals
  2 scorpions
  10 wyvern skeletons (Crypt:3)
  36 wights
  A raiju zombie (Crypt:2)
  15 killer bees
  7 electric eels
  5 howler monkeys
  A komodo dragon simulacrum (Lair:3)
  5 hounds
  An iron imp (Abyss:1)
  10 jellies
  Crazy Yiuf (D:4)
  A gnoll bouda (D:7)
  20 orc priests
  2 iguanas
  25 orc wizards
  6 hell rats
  An acid dragon zombie (Crypt:2)
  A basilisk simulacrum (Lair:3)
  10 gnolls
  A river rat (D:11)
  10 adders
  2 shadow imps
  3 white imps
  3 ufetubi
  3 ribbon worms
  2 dart slugs
  67 orcs
  7 endoplasms
  7 giant cockroaches
  16 goblins
  7 hobgoblins
  5 jackals
  10 quokkas
  9 ball pythons
  9 bats
  4 frilled lizards
  19 kobolds
  4 rats
  A spectral orc (D:6)
  4 aspiring fleshes (Zot:1)
  2 tentacles (Abyss:3)
2288 creatures vanquished.

Vanquished Creatures (collateral kills)
  A dread lich (Zot:5)
  An orb of fire (Zot:5)
  A Killer Klown (Zot:5)
  A golden dragon (Zot:1)
  16 Orb Guardians
  8 tentacled monstrosities
  6 acid blobs
  3 storm dragons
  A revenant (Crypt:2)
  An azure jelly (Slime:5)
  2 shadow dragons (Zot:1)
  A draconian annihilator (Zot:5)
  A broodmother (Zot:1)
  3 purple draconians
  3 white draconians
  A red draconian (Zot:3)
  A shambling mangrove (Abyss:3)
  A large abomination (Abyss:3)
  An elephant (Zot:1)
  An apocalypse crab (Abyss:3)
  4 moths of wrath
  A raiju (Abyss:3)
  19 slime creatures
  A fire dragon skeleton (Crypt:2)
  6 golden eyes (Slime:3)
  2 aspiring fleshes (Zot:1)
87 creatures vanquished.

Vanquished Creatures (others)
  A golden dragon (Depths:3)
  A death cob (Zot:4)
  2 fire giants
  A draconian knight (Zot:1)
  A jelly zombie (Slime:5)
  A very ugly thing (Depths:3)
  A bunyip (Swamp:1)
  3 acid blob zombies
  4 quicksilver dragon zombies
  12 Orb Guardian zombies (Zot:5)
  A storm dragon zombie (Zot:2)
  2 golden dragon zombies
  2 shadow dragon zombies
  A deep elf zephyrmancer (Elf:3)
  2 draconian zombies (Zot:1)
  A purple draconian zombie (Zot:1)
  2 green draconian zombies
  2 black draconian zombies (Zot:1)
  A white draconian zombie (Zot:1)
  2 yellow draconian zombies
  4 great orb of eyes zombies (Slime:5)
  7 moth of wrath zombies
  2 bloated husks
  A water elemental (Elf:1)
  2 slime creature zombies (Slime:1)
  A hornet zombie (Abyss:3)
  2 fire crab zombies (Abyss:3)
  A giant cockroach (Depths:1)
  6 foxfires (Swamp:4)
  2 starspawn tentacles (Abyss:3)
  2 tentacles (Abyss:3)
73 creatures vanquished.

Grand Total: 2448 creatures vanquished

Notes
Turn   | Place    | Note
-------+----------+-------------------------------------------
     0 | D:1      | FexLirch the Vine Stalker Brigand began the quest for the
                  | Orb.
     0 | D:1      | Reached XP level 1. HP: 11/11 MP: 2/2
    97 | D:1      | Reached skill level 1 in Dodging
    97 | D:1      | Reached XP level 2. HP: 13/15 MP: 1/3
    99 | D:1      | Reached skill level 5 in Stealth
   173 | D:1      | Reached skill level 1 in Long Blades
   334 | D:1      | Reached XP level 3. HP: 15/18 MP: 2/4
   778 | D:2      | Noticed Sigmund
   780 | D:2      | Killed Sigmund
   781 | D:2      | Reached skill level 2 in Long Blades
   781 | D:2      | Gained mutation: Your natural rate of healing is unusually
                  | fast. [Vine Stalker growth]
   781 | D:2      | Reached XP level 4. HP: 23/23 MP: 5/5
   781 | D:2      | Reached XP level 5. HP: 28/28 MP: 6/6
   827 | D:2      | Identified the ring "Cithat" {rF+ rC+ Dex+4 Slay+3}
   897 | D:2      | Found an ornate altar of the Wu Jian Council.
   971 | D:2      | Reached skill level 3 in Long Blades
  1057 | D:2      | Reached XP level 6. HP: 32/32 MP: 7/7
  1994 | D:3      | Found a stormy altar of Qazlal.
  2773 | D:4      | Found a runed translucent door.
  2774 | D:4      | Noticed Crazy Yiuf
  2805 | D:5      | Entered Level 5 of the Dungeon
  2898 | D:5      | Noticed a black bear
  2903 | D:5      | Reached XP level 7. HP: 36/36 MP: 8/8
  3072 | D:5      | Reached skill level 4 in Long Blades
  3781 | D:6      | Noticed a yak
  3871 | D:6      | Gained mutation: You have razor-sharp teeth. [Vine Stalker
                  | growth]
  3871 | D:6      | Reached XP level 8. HP: 40/42 MP: 9/9
  3891 | D:6      | Found a hazy altar of Hepliaklqana.
  3933 | D:6      | Reached skill level 5 in Long Blades
  4035 | D:6      | Noticed a yak
  4401 | D:6      | Noticed a yak
  4447 | D:6      | Found a snail-covered altar of Cheibriados.
  4447 | D:6      | Noticed a yak
  4607 | D:7      | Found a staircase to the Ecumenical Temple.
  4622 | Temple   | Entered the Ecumenical Temple
  4792 | D:7      | Reached skill level 6 in Long Blades
  4868 | D:7      | Noticed a hornet
  5009 | D:6      | Killed a yak
  5010 | D:6      | Reached XP level 9. HP: 37/46 MP: 10/10
  5086 | D:6      | Became a worshipper of Cheibriados the Contemplative
  5165 | D:6      | You fall into a shaft and drop 1 floor!
  5225 | D:7      | Reached skill level 1 in Invocations
  5266 | D:7      | Reached skill level 5 in Fighting
  5380 | D:7      | Found a hide-covered altar of Uskayaw.
  5873 | D:7      | Killed a hornet
  5874 | D:7      | Reached skill level 7 in Long Blades
  5925 | D:8      | Found a flagged portal.
  5928 | D:8      | Reached * piety under Cheibriados
  5985 | D:8      | Found an opulent altar of Gozag.
  6052 | Bailey   | Entered a bailey
  6215 | Bailey   | Reached XP level 10. HP: 31/53 MP: 7/13
  6242 | Bailey   | Learned a level 1 spell: Apportation
  6246 | Bailey   | Learned a level 4 spell: Vhi's Electric Charge
  6298 | Bailey   | Noticed Prince Ribbit
  6299 | Bailey   | Noticed a vault guard
  6310 | Bailey   | Killed a vault guard
  6310 | Bailey   | Killed Prince Ribbit
  6310 | Bailey   | Reached ** piety under Cheibriados
  6311 | Bailey   | Reached skill level 8 in Long Blades
  6311 | Bailey   | Reached skill level 5 in Dodging
  6380 | Bailey   | Noticed a vault guard
  6479 | Bailey   | Killed a vault guard
  6480 | Bailey   | Reached skill level 10 in Stealth
  6957 | D:8      | Reached skill level 9 in Long Blades
  6985 | D:8      | Reached XP level 11. HP: 25/57 MP: 15/15
  7196 | D:8      | Reached *** piety under Cheibriados
  7577 | D:9      | Found a broken altar of Ashenzari.
  7646 | D:9      | Reached skill level 5 in Invocations
  7749 | D:9      | Noticed a two-headed ogre
  8288 | D:9      | Noticed a two-headed ogre
  8300 | D:9      | Killed a two-headed ogre
  8424 | D:9      | Found Rukluss's Jewellery Shop.
  8466 | D:9      | Reached **** piety under Cheibriados
  8609 | D:9      | Killed a two-headed ogre
  8610 | D:9      | Reached skill level 10 in Long Blades
  8645 | D:10     | Entered Level 10 of the Dungeon
  8645 | D:10     | Noticed Josephine
  8658 | D:9      | Killed Josephine
  8760 | D:10     | Noticed a two-headed ogre
  8769 | D:10     | Killed a two-headed ogre
  8770 | D:10     | Reached XP level 12. HP: 63/63 MP: 17/17
  8886 | D:10     | Found a shimmering blue altar of Sif Muna.
  8961 | D:10     | Identified the +1 robe "Huch" {rElec rPois Int+5}
  8980 | D:10     | Reached ***** piety under Cheibriados
  9031 | D:10     | Found a glowing golden altar of the Shining One.
  9093 | D:10     | Reached skill level 1 in Translocations
  9105 | D:10     | Found a white marble altar of Elyvilon.
  9158 | D:10     | Found a blossoming altar of Fedhas.
  9217 | D:10     | Noticed Maggie
  9230 | D:10     | Killed Maggie
  9307 | D:10     | Noticed Joseph
  9314 | D:10     | Killed Joseph
  9634 | D:11     | Noticed a death yak
  9675 | D:11     | Found a staircase to the Orcish Mines.
  9704 | D:11     | Reached skill level 11 in Long Blades
  9890 | D:11     | Noticed a death yak
 10179 | D:11     | Noticed a death yak
 10189 | D:11     | Killed a death yak
 10191 | D:11     | Killed a death yak
 10217 | D:11     | Killed a death yak
 10274 | D:11     | Found a staircase to the Lair.
 10352 | D:12     | Reached ****** piety under Cheibriados
 10356 | D:12     | Identified the +0 pair of boots of the Bells {Str+2}
 10401 | D:12     | Noticed a deep elf knight
 10401 | D:12     | Noticed a great orb of eyes
 10513 | D:12     | Reached XP level 13. HP: 69/69 MP: 19/19
 10628 | D:12     | Found a transporter.
 10636 | D:12     | Identified the +3 long sword "Wili" {freeze, *Corrode rElec
                  | rF++ Stlth+}
 10656 | D:12     | Found a transporter.
 10673 | D:12     | Gained mutation: You occasionally lose the ability to drink
                  | potions when taking damage. [potion of mutation]
 10673 | D:12     | Gained mutation: You possess an exceptional clarity of
                  | mind. [potion of mutation]
 10673 | D:12     | Gained mutation: You are robust. (+10% HP) [potion of
                  | mutation]
 10716 | D:12     | Found a one-way gate to the infinite horrors of the Abyss.
 10716 | D:12     | Noticed Zimovirch's ghost (journeyman HuWn)
 10720 | D:12     | Noticed Maurice
 10727 | D:12     | Killed Maurice
 10941 | Lair:1   | Entered Level 1 of the Lair of Beasts
 11016 | Lair:1   | Identified the +1 chain mail "Kimeuth" {-Cast +Blink rC-
                  | Will++}
 11403 | Lair:2   | Noticed Erica
 11413 | Lair:2   | Killed Erica
 11425 | Lair:2   | Reached skill level 1 in Hexes
 11471 | Lair:2   | Reached skill level 12 in Long Blades
 11829 | Lair:2   | Found a staircase to the Swamp.
 11839 | Lair:2   | Learned a level 4 spell: Cause Fear
 12512 | Lair:3   | Found a gate leading to a gauntlet.
 12547 | Lair:3   | Found a staircase to the Snake Pit.
 12563 | Gauntlet | Entered a Gauntlet
 12563 | Gauntlet | Found a transporter.
 12563 | Gauntlet | Found a transporter.
 12563 | Gauntlet | Found a transporter.
 12583 | Gauntlet | Found a transporter.
 12595 | Gauntlet | Found a transporter.
 12597 | Gauntlet | Found a transporter.
 12607 | Gauntlet | Found a transporter.
 12624 | Gauntlet | Found a large runed translucent door.
 12625 | Gauntlet | Found a large runed translucent door.
 12626 | Gauntlet | Found a large runed translucent door.
 12626 | Gauntlet | Found a large runed translucent door.
 12627 | Gauntlet | Found a runed translucent gate.
 12627 | Gauntlet | Found a large runed translucent door.
 12627 | Gauntlet | Found a large runed translucent door.
 12627 | Gauntlet | Found a runed translucent door.
 12628 | Gauntlet | Found a transporter.
 12628 | Gauntlet | Found a runed translucent gate.
 12628 | Gauntlet | Found a large runed translucent door.
 12629 | Gauntlet | Found a runed translucent gate.
 12629 | Gauntlet | Found a runed translucent door.
 12631 | Gauntlet | Found a large runed translucent door.
 12631 | Gauntlet | Found a large runed translucent door.
 12632 | Gauntlet | Found a large runed translucent door.
 12633 | Gauntlet | Found a large runed translucent door.
 12642 | Gauntlet | Found a large runed translucent door.
 12642 | Gauntlet | Found a large runed translucent door.
 12643 | Gauntlet | Found a large runed translucent door.
 12644 | Gauntlet | Found a large runed translucent door.
 12646 | Gauntlet | Found a transporter.
 12650 | Gauntlet | Found a transporter.
 12653 | Gauntlet | Found a large runed translucent door.
 12660 | Gauntlet | Found a transporter.
 12664 | Gauntlet | Found a transporter.
 12749 | Gauntlet | Learned a level 2 spell: Blink
 12794 | Gauntlet | Reached skill level 1 in Spellcasting
 12807 | Gauntlet | Identified the -2 hat "Wudesunu" {Will+}
 12832 | Gauntlet | Identified the +12 crystal plate armour "Wogek" {rF+ Will+
                  | Str+3}
 12832 | Gauntlet | Noticed a minotaur
 12856 | Gauntlet | Killed a minotaur
 12891 | Gauntlet | Upgraded the game from 0.30-a0-1157-g2cc9ac7196 to
                  | 0.31-a0-37-g98a128e1d9
 12891 | Gauntlet | Upgraded the game from 0.31-a0-37-g98a128e1d9 to
                  | 0.31-a0-95-g6fa058ef04
 12891 | Gauntlet | Upgraded the game from 0.31-a0-95-g6fa058ef04 to
                  | 0.31-a0-662-g684573625c
 12908 | Lair:3   | Upgraded the game from 0.31-a0-662-g684573625c to
                  | 0.32-a0-433-g08bcfe7efd
 12911 | Lair:3   | Found a transporter.
 13093 | Lair:3   | Reached XP level 14. HP: 56/82 MP: 16/21
 13240 | Lair:3   | Identified the +3 war axe "Miop" {drain, Will- rCorr Dex+6}
 13272 | Lair:3   | Reached skill level 5 in Translocations
 13344 | Lair:3   | Found a transporter.
 13627 | Lair:3   | Identified the +1 helmet of Beyond {rF+ Str+7}
 14018 | Lair:4   | Found a staircase to the Slime Pits.
 14417 | Lair:5   | Entered Level 5 of the Lair of Beasts
 14459 | Lair:5   | Reached skill level 13 in Long Blades
 15062 | Lair:5   | Reached skill level 1 in Armour
 15368 | Lair:5   | Reached skill level 10 in Fighting
 15694 | Orc:1    | Entered Level 1 of the Orcish Mines
 15696 | Orc:1    | Found Lufe's Distillery.
 15723 | Orc:1    | Found a frozen archway.
 15737 | IceCv    | Entered an ice cave
 15755 | IceCv    | Reached XP level 15. HP: 88/88 MP: 23/23
 16100 | IceCv    | Reached skill level 14 in Long Blades
 16204 | IceCv    | Noticed a frost giant
 16210 | IceCv    | Killed a frost giant
 16399 | Orc:1    | Reached skill level 10 in Invocations
 16772 | Orc:2    | Entered Level 2 of the Orcish Mines
 16874 | Orc:2    | Found Pyumenk's Weapon Shop.
 16915 | Orc:2    | Found a staircase to the Elven Halls.
 17270 | Orc:2    | Paralysed by an orc sorcerer for 5 turns
 17285 | Orc:2    | Noticed Rupert
 17650 | Orc:2    | Killed Rupert
 17713 | Orc:2    | Found Syter's Book Shop.
 17717 | Orc:2    | Found Ytweogoem's General Store.
 17728 | Orc:2    | Found Seihoeva's Assorted Antiques.
 17732 | Orc:2    | Found Zuanob's Armour Shop.
 17753 | Orc:2    | Bought a slimy diamond amulet for 115 gold pieces
 17753 | Orc:2    | Identified the amulet "Ufiushre" {RegenMP rC++ Int-4} (You
                  | bought it in a shop on level 2 of the Orcish Mines)
 17800 | Orc:2    | Bought a book of the Warp for 462 gold pieces
 17803 | Orc:2    | Learned a level 2 spell: Lesser Beckoning
 17808 | Orc:2    | Learned a level 4 spell: Manifold Assault
 18075 | D:12     | Killed Zimovirch's ghost
 18210 | D:13     | Identified the +6 battleaxe of Huuveask {heavy, Stlth+}
 18348 | D:13     | Reached XP level 16. HP: 94/94 MP: 24/24
 19159 | D:14     | Found an ornate altar of the Wu Jian Council.
 19326 | D:14     | Found a gate to the Vaults.
 19739 | D:15     | Entered Level 15 of the Dungeon
 19752 | D:15     | Noticed Azrael
 19756 | D:15     | Killed Azrael
 19883 | D:15     | Identified Roxanne's Omnibus of Composition
 19883 | D:15     | Noticed Roxanne
 19956 | D:15     | Identified a scroll of acquirement
 20037 | D:15     | Reached skill level 10 in Dodging
 20226 | D:15     | Found a staircase to the Depths.
 20275 | D:15     | Killed Roxanne
 20318 | D:15     | Found a shimmering blue altar of Sif Muna.
 20365 | D:15     | Found Anlouth's Armour Emporium.
 20622 | Swamp:1  | Entered Level 1 of the Swamp
 20675 | Swamp:1  | Reached skill level 15 in Long Blades
 20859 | Swamp:1  | Noticed a thorn hunter
 20867 | Swamp:1  | Killed a thorn hunter
 20892 | Swamp:1  | Reached skill level 5 in Armour
 20985 | Swamp:1  | Noticed a fenstrider witch
 20991 | Swamp:1  | Killed a fenstrider witch
 21539 | Swamp:2  | Identified the serpent talisman of Obaniany {rElec rCorr
                  | Dex-2 Slay+5}
 21539 | Swamp:2  | Noticed Aizul
 21546 | Swamp:2  | Killed Aizul
 21547 | Swamp:2  | Reached skill level 10 in Translocations
 21678 | Swamp:2  | Reached XP level 17. HP: 97/100 MP: 26/26
 22036 | Swamp:3  | Upgraded the game from 0.32-a0-433-g08bcfe7efd to
                  | 0.32-a0-450-g080537f31e
 22036 | Swamp:3  | Acquired the ring of Honesty {*Corrode rN+ MP+9 Slay+6}
 22586 | Swamp:4  | Entered Level 4 of the Swamp
 23214 | Swamp:4  | Identified the +0 pair of gloves of a wizard's laboratory
                  | {Harm rF- Str+7 Dex+2}
 23219 | Swamp:4  | Got a decaying rune of Zot
 23356 | Snake:1  | Entered Level 1 of the Snake Pit
 23461 | Snake:1  | Found a radiant altar of Vehumet.
 24422 | Snake:2  | Found Kuwnyuf's Armour Shoppe.
 24435 | Snake:2  | Reached XP level 18. HP: 101/107 MP: 26/28
 24435 | Snake:2  | Found Piuj's Antique Weapon Emporium.
 25210 | Snake:3  | Found Efeir's Firing Range.
 25261 | Snake:3  | Identified the +1 robe "Acviec" {rCorr}
 25787 | Snake:4  | Entered Level 4 of the Snake Pit
 25865 | Snake:4  | Noticed Mara
 25866 | Snake:4  | Noticed FexLirch's illusion
 25878 | Snake:4  | Noticed Mlioglotl
 25880 | Snake:4  | Killed Mara
 25882 | Snake:4  | Killed Mlioglotl
 25972 | Snake:4  | Reached skill level 16 in Long Blades
 26083 | Snake:4  | Found Gybasidi's CLEARANCE SALE!.
 26089 | Snake:4  | Bought a scroll of blinking for 45 gold pieces
 26251 | Snake:4  | Noticed a quicksilver dragon
 26573 | Snake:4  | Got a serpentine rune of Zot
 26862 | Orc:2    | Learned a level 6 spell: Dispersal
 26863 | Elf:1    | Entered Level 1 of the Elven Halls
 26937 | Elf:1    | Paralysed by an air elemental for 1 turns
 26939 | Elf:1    | Paralysed by an air elemental for 1 turns
 26995 | Elf:1    | Reached XP level 19. HP: 107/113 MP: 29/29
 27215 | Elf:1    | Found a huge runed translucent gate.
 27215 | Elf:1    | Found a huge runed translucent gate.
 27217 | Elf:1    | Found a huge runed translucent gate.
 27218 | Elf:1    | Found a huge runed translucent gate.
 27218 | Elf:1    | Found a huge runed translucent gate.
 27219 | Elf:1    | Found a huge runed translucent gate.
 27219 | Elf:1    | Found a huge runed translucent gate.
 27220 | Elf:1    | Found a huge runed translucent gate.
 27220 | Elf:1    | Found a huge runed translucent gate.
 27220 | Elf:1    | Found a huge runed translucent gate.
 27220 | Elf:1    | Found a huge runed translucent gate.
 27220 | Elf:1    | Found a huge runed translucent gate.
 27221 | Elf:1    | Found a huge runed translucent gate.
 27222 | Elf:1    | Found a huge runed translucent gate.
 27223 | Elf:1    | Found a huge runed translucent gate.
 27224 | Elf:1    | Found a huge runed translucent gate.
 27263 | Elf:1    | Found a huge runed translucent gate.
 27263 | Elf:1    | Found a huge runed translucent gate.
 27263 | Elf:1    | Found a huge runed translucent gate.
 27263 | Elf:1    | Found a huge runed translucent gate.
 27263 | Elf:1    | Found a huge runed translucent gate.
 27263 | Elf:1    | Found a huge runed translucent gate.
 27264 | Elf:1    | Found a huge runed translucent gate.
 27265 | Elf:1    | Found a huge runed translucent gate.
 27266 | Elf:1    | Found a huge runed translucent gate.
 27267 | Elf:1    | Found a huge runed translucent gate.
 27270 | Elf:1    | Found a huge runed translucent gate.
 27270 | Elf:1    | Found a huge runed translucent gate.
 27271 | Elf:1    | Found a huge runed translucent gate.
 27311 | Elf:1    | Found a huge runed translucent gate.
 27311 | Elf:1    | Found a huge runed translucent gate.
 27317 | Elf:1    | Found a huge runed translucent gate.
 27318 | Elf:1    | Found a huge runed translucent gate.
 27319 | Elf:1    | Found a huge runed translucent gate.
 27320 | Elf:1    | Found a huge runed translucent gate.
 27321 | Elf:1    | Found a huge runed translucent gate.
 27908 | Elf:2    | Found a runed translucent gate.
 27908 | Elf:2    | Found a runed translucent gate.
 27909 | Elf:2    | Found a runed translucent gate.
 28467 | Elf:2    | Noticed Donald
 28478 | Elf:2    | Killed Donald
 28788 | Elf:3    | Entered Level 3 of the Elven Halls
 29000 | Elf:3    | Reached XP level 20. HP: 119/119 MP: 24/31
 29208 | Elf:3    | Paralysed by an air elemental for 1 turns
 29291 | Elf:3    | Identified the ring "Zequsyx" {rPois AC+4}
 29403 | Elf:3    | Paralysed by an air elemental for 1 turns
 29570 | Elf:3    | Found Zicecesi's Book Boutique.
 29570 | Elf:3    | Found Dysysk's Jewellery Shoppe.
 29571 | Elf:3    | Found Dopiqisk's Jewellery Shoppe.
 29586 | Elf:3    | Bought Great Wizards, Vol. VII for 450 gold pieces
 29885 | Elf:3    | Identified the +3 leather armour of the Wilderness {Rampage
                  | Will- SInv}
 29928 | Elf:3    | Identified the +5 lajatang "Layd" {flame, Stlth+}
 29934 | Elf:3    | Reached skill level 15 in Translocations
 29984 | Elf:3    | Identified the +9 rapier "Jomutorgh" {distort, *Noise Fly
                  | rN+++ Int-4}
 30011 | Elf:3    | Paralysed by an air elemental for 1 turns
 30252 | Elf:3    | Paralysed by an air elemental for 1 turns
 30260 | Elf:3    | Identified the +4 plate armour of Fuafeuf {Int+5}
 30280 | Elf:3    | Learned a level 4 spell: Passage of Golubria
 30298 | Elf:3    | Got the Compilation of Rotting Solvents
 30674 | Vaults:1 | Entered Level 1 of the Vaults
 30727 | Vaults:1 | Reached skill level 5 in Spellcasting
 30804 | Vaults:1 | Reached skill level 17 in Long Blades
 31114 | Vaults:1 | Reached XP level 21. HP: 126/126 MP: 32/32
 31673 | Vaults:1 | Found the +9 sword of Power {lifebolt}
 31888 | Vaults:2 | Found Neskenon's Antique Armour Shop.
 31897 | Vaults:2 | Bought a pair of runed boots for 255 gold pieces
 32045 | Vaults:2 | Identified the +1 robe of Ceidasue {Rampage *Corrode rElec
                  | Stlth+}
 32049 | Vaults:2 | Identified the +2 hat of Rugaabug {MP+9}
 32226 | Vaults:2 | Found a radiant altar of Vehumet.
 32253 | Vaults:2 | Identified the +2 robe of Pandemonium {rN++ Will+ MP-9
                  | Dex+3}
 32260 | Vaults:2 | Identified the +0 hat of Lugonu's Reproof {rN++}
 33410 | Vaults:2 | Found a staircase to the Crypt.
 33410 | Vaults:2 | Found a basalt altar of Yredelemnul.
 33411 | Vaults:2 | Found an ancient bone altar of Kikubaaqudgha.
 33621 | Vaults:3 | Found the ring of the Mage {Wiz Archmagi}
 33635 | Vaults:3 | Reached skill level 15 in Invocations
 33792 | Vaults:3 | Learned a level 2 spell: Sublimation of Blood
 33862 | Vaults:3 | Reached skill level 10 in Armour
 33865 | Vaults:3 | Reached XP level 22. HP: 131/133 MP: 34/34
 34336 | Vaults:3 | You are sucked into a shaft and drop 1 floor!
 34382 | Vaults:4 | Reached skill level 1 in Necromancy
 34646 | Vaults:4 | Found a transporter.
 35286 | Vaults:4 | Found Hooqanir's General Store.
 35297 | Vaults:4 | Identified the +3 cloak "Hemm" {rF- Str+4}
 35673 | Vaults:4 | Found a transporter.
 35731 | Vaults:4 | Noticed a golden dragon
 35918 | Depths:1 | Entered Level 1 of the Depths
 35918 | Depths:1 | Identified the +2 robe of Yredelemnul's Hatred {Regen+
                  | Str+2}
 35918 | Depths:1 | Noticed Boris
 35924 | Depths:1 | Killed Boris
 36001 | Depths:1 | Found a sacrificial altar of Ru.
 36034 | Depths:1 | Reached skill level 15 in Fighting
 36237 | Depths:1 | Found a gateway to Hell.
 36364 | Depths:1 | Noticed Asterion
 36367 | Depths:1 | Killed Asterion
 36412 | Depths:1 | You are sucked into a shaft and drop 1 floor!
 36414 | Depths:2 | Identified the +4 robe of Midsummer {Int+2}
 36414 | Depths:2 | Noticed Boris
 36428 | Depths:2 | Killed Boris
 37072 | Depths:2 | Found a one-way gate leading to the halls of Pandemonium.
 37109 | Depths:2 | Found a one-way gateway to a ziggurat.
 37211 | Depths:2 | Reached skill level 18 in Long Blades
 37217 | Depths:2 | Noticed a caustic shrike
 37258 | Depths:2 | Killed a caustic shrike
 37422 | Depths:2 | Reached XP level 23. HP: 138/138 MP: 35/35
 37426 | Depths:2 | Learned a level 3 spell: Fugue of the Fallen
 37452 | Depths:2 | Reached skill level 5 in Necromancy
 37584 | Depths:2 | Got the Folio of the Helpful Chill
 37626 | Depths:2 | Identified the +8 arbalest "Roaduf" {penet, Will+ Int+2}
 37647 | Depths:2 | Noticed a juggernaut
 37655 | Depths:2 | Killed a juggernaut
 37729 | Depths:2 | Identified the +6 scimitar "Joinodaga" {drain, Int+10}
 37867 | Depths:2 | Found a shadowy altar of Dithmenos.
 37897 | Depths:2 | Noticed Vv
 37908 | Depths:2 | Killed Vv
 38644 | Depths:3 | Noticed a golden dragon
 38647 | Depths:3 | Killed a golden dragon
 38892 | Depths:3 | Noticed a golden dragon
 38896 | Depths:3 | Killed a golden dragon
 38959 | Depths:3 | Noticed a golden dragon
 38967 | Depths:3 | Killed a golden dragon
 39170 | Depths:4 | Entered Level 4 of the Depths
 39211 | Depths:3 | Noticed a juggernaut
 39214 | Depths:3 | Killed a juggernaut
 39220 | Depths:3 | Learned a level 4 spell: Animate Dead
 39261 | Depths:4 | Noticed Parghit
 39408 | Depths:4 | Noticed a caustic shrike
 39409 | Depths:4 | Noticed a caustic shrike
 39409 | Depths:4 | Noticed a caustic shrike
 39411 | Depths:4 | Killed a caustic shrike
 39413 | Depths:4 | Noticed a caustic shrike
 39414 | Depths:4 | Noticed a caustic shrike
 39418 | Depths:4 | Killed a caustic shrike
 39419 | Depths:4 | Killed a caustic shrike
 39420 | Depths:4 | Reached XP level 24. HP: 125/146 MP: 37/37
 39427 | Depths:4 | Killed a caustic shrike
 39439 | Depths:4 | Killed a caustic shrike
 39752 | Depths:4 | Killed Parghit
 39968 | Depths:4 | Found a gate to the Realm of Zot.
 40111 | Depths:4 | Identified the +0 scale mail of Zin's Hope {Rampage Fly
                  | Str+2}
 40287 | Depths:4 | Found a broken altar of Ashenzari.
 40907 | Crypt:1  | Entered Level 1 of the Crypt
 41057 | Crypt:1  | Reached skill level 10 in Spellcasting
 41057 | Crypt:1  | Reached skill level 1 in Summonings
 41100 | Crypt:1  | Found a runed translucent door.
 41100 | Crypt:1  | Noticed Micliseo's ghost (adept GrFi)
 41907 | Crypt:2  | Noticed Sojobo
 41922 | Crypt:2  | Killed Sojobo
 42245 | Crypt:2  | Reached skill level 19 in Long Blades
 42298 | Crypt:2  | Noticed Bai Suzhen
 42310 | Crypt:2  | Killed Bai Suzhen
 42653 | Crypt:3  | Entered Level 3 of the Crypt
 42944 | Crypt:3  | Reached skill level 15 in Dodging
 42995 | Crypt:3  | Found a staircase to the Tomb.
 43158 | Crypt:3  | Reached XP level 25. HP: 148/151 MP: 33/38
 43252 | Crypt:3  | Found the +3 hat of Pondering {ponderous, Will+ MP+10
                  | Int+5}
 43288 | Crypt:3  | Identified the ring of Maggosm {rElec rPois rN+ Will-
                  | Int+3}
 43288 | Crypt:3  | Identified the ring of Maitaarch {rElec rPois rN+ Int-4
                  | Stlth-}
 43288 | Crypt:3  | Identified the ring "Culiysik" {+Blink rC+ rN+ Str-5 Int+4}
 43362 | Crypt:3  | Identified the +2 helmet "Saihemna" {Rampage Will+ Dex+3}
 43481 | Crypt:3  | Found a basalt altar of Yredelemnul.
 43587 | Crypt:3  | Got the Collected Works on the Sarcophagus
 44094 | Slime:1  | Entered Level 1 of the Pits of Slime
 44119 | Slime:1  | Reached skill level 5 in Summonings
 44390 | Slime:2  | Lost mutation: You possess an exceptional clarity of mind.
                  | [a shining eye]
 44484 | Slime:2  | Found a viscous altar of Jiyva.
 45515 | Orc:2    | Bought a book of Necromancy for 374 gold pieces
 45520 | Orc:2    | Learned a level 4 spell: Martyr's Knell
 45790 | Slime:5  | Entered Level 5 of the Pits of Slime
 45954 | Slime:5  | Reached skill level 10 in Necromancy
 45961 | Slime:5  | Noticed the Royal Jelly
 45973 | Slime:5  | Killed the Royal Jelly
 45978 | Slime:5  | Your ally the Royal Jelly died
 46058 | Slime:5  | Got a slimy rune of Zot
 46063 | Slime:5  | Got the Incunabulum of Algor
 46197 | Slime:5  | Identified the +9 ice dragon scales "Aqimik" {rF- rC++
                  | Regen+ Dex+6 SInv}
 46235 | Slime:5  | Identified the +7 ring mail of the Parsimonious Robin
                  | {Dex+5}
 46236 | Slime:5  | Identified the +2 scale mail of Responsibility {*Corrode
                  | +Blink rF++}
 46237 | Slime:5  | Got the Book of Fire and the Mantle
 46813 | Depths:2 | Voluntarily entered the Abyss.
 46997 | Abyss:3  | Found a corrupted altar of Lugonu.
 47028 | Abyss:3  | Reached XP level 26. HP: 159/159 MP: 39/39
 47118 | Abyss:3  | Got an abyssal rune of Zot
 47162 | Depths:2 | Escaped the Abyss
 47252 | Zot:1    | Entered Level 1 of the Realm of Zot
 47339 | Zot:1    | Identified the +1 broad axe of Ceoned {freeze, +Blink rCorr
                  | Str-5}
 47734 | Zot:1    | Learned a level 6 spell: Death Channel
 47739 | Zot:1    | Learned a level 4 spell: Animate Armour
 47761 | Zot:1    | Reached skill level 20 in Long Blades
 47794 | Zot:1    | Reached skill level 1 in Earth Magic
 47990 | Zot:1    | Got Kicips's Cyclopedia of the Promethean Sarcophagus
 48099 | Zot:1    | Got the Incunable of Zombies and Effluvium
 48383 | Zot:2    | Noticed Qunuun's ghost (legendary DsFi)
 48556 | Zot:2    | Found a transporter.
 48561 | Zot:2    | Found a transporter.
 48646 | Zot:2    | Reached XP level 27. HP: 120/166 MP: 24/40
 48702 | Zot:2    | Identified the +3 ring mail of the Lair of Beasts {rElec
                  | Str+8 Int-3 Dex-2}
 50370 | Zot:5    | Entered Level 5 of the Realm of Zot
 50475 | Zot:5    | Found a basalt altar of Yredelemnul.
 50543 | Zot:5    | Found a snail-covered altar of Cheibriados.
 50654 | Zot:5    | Reached skill level 5 in Earth Magic
 50666 | Zot:5    | Noticed a dread lich
 50673 | Zot:5    | Killed a dread lich
 50680 | Zot:5    | Noticed an orb of fire
 50682 | Zot:5    | Noticed an orb of fire
 50684 | Zot:5    | Noticed an orb of fire
 50690 | Zot:5    | Killed an orb of fire
 50695 | Zot:5    | Killed an orb of fire
 50698 | Zot:5    | Killed an orb of fire
 50810 | Zot:5    | Noticed an ancient lich
 50815 | Zot:5    | Killed an ancient lich
 50911 | Zot:5    | Noticed a dread lich
 50916 | Zot:5    | Killed a dread lich
 50917 | Zot:5    | Noticed an orb of fire
 50923 | Zot:5    | Killed an orb of fire
 50925 | Zot:5    | Noticed a dread lich
 50931 | Zot:5    | Killed a dread lich
 51031 | Zot:5    | Got the Orb of Zot
 51108 | Depths:4 | Noticed Zuadabri the pandemonium lord
 51199 | D:13     | Noticed Suvub the pandemonium lord
 51201 | D:13     | Noticed an ancient lich
 51355 | D:4      | Killed Crazy Yiuf
 51413 | D:$      | Escaped with the Orb!

Illustrated notes

Levels and vault maps discovered:
D:1:      lemuel_arrival_room, layout_loops_ring
D:2:      layout_basic, basic_altar, mrwooster_statue_mirror, minmay_domino_4,
          uniq_sigmund
D:3:      minmay_diamond_boxcup, layout_loops_ring,
          nicolae_qazlal_eye_of_the_storm
D:4:      layout_gridville, uniq_crazy_yiuf_cottage
D:5:      layout_basic
D:6:      layout_gridville, nicolae_hepliaklqana_monster_ancestors,
          lemuel_crystal_altar
D:7:      layout_cave_pods, nicolae_uskayaw_murder_on_the_dancefloor,
          temple_fountains
D:8:      layout_loops_corners, mainiacjoe_overflow_chevrons, enter_bailey_5,
          hangedman_decor_push
D:9:      layout_basic, lemuel_tele_altar, serial_shops, shop
D:10:     layout_rooms, nicolae_overflow_hidden_temple,
          mainiacjoe_overflow_catch_the_wave, lemuel_doored_altar,
          uniq_josephine, uniq_joseph, uniq_maggie
D:11:     layout_basic, dpeg_lair_monsters, erik_orc_3
D:12:     layout_cave_pools, gammafunk_ghost_abyssal_escape, uniq_maurice
D:13:     layout_irregular_city
D:14:     layout_loops_ring, david_vaults_5, grunt_decor_arrowhead,
          nicolae_wu_jian_glorious_leap
D:15:     gammafunk_enter_depths_forms, layout_cave_pools, serial_shops,
          nicolae_shop_competitors_out_of_business, grunt_decor_clamped,
          led_sif_pool, uniq_azrael, uniq_roxanne
Temple:   hellmonk_temple_forest_ring
Lair:1:   layout_cave_shapes, minmay_holes, grunt_megastairs_2,
          infiniplex_staircase_pool_2
Lair:2:   layout_cave_pods, minmay_swamp_entry_eels, uniq_erica
Lair:3:   gammafunk_cloud_chamber, layout_gridlike, guppyfry_snake_entry_island,
          gauntlet_entry_generic
Lair:4:   layout_regular_city, nicolae_slime_entry_slimehenge
Lair:5:   minmay_lair_end_enchanted_forest, layout_regular_city
Swamp:1:  layout_falls_marsh, infiniplex_staircase_pool, swamp_pool_1_2,
          grunt_witch_cave
Swamp:2:  layout_basic_swamp, evilmike_swamp_ruin_house_4, swamp_pool_3,
          hangedman_swamp_diagram, uniq_aizul
Swamp:3:  layout_falls_marsh, nicolae_swamp_reclaimed_castle
Swamp:4:  swamp_basic_johnstein, layout_basic_swamp, nicolae_swamp_big_swirl
Snake:1:  layout_honeycomb, basic_altar, serial_bayou_shore_a
Snake:2:  layout_basic, minmay_shoptagon
Snake:3:  layout_cave_shapes, nicolae_shop_firing_range
Snake:4:  hellmonk_snake_rune_quicksilver_temple, layout_onion,
          nicolae_shop_clearance, uniq_mara, uniq_mlioglotl
Slime:1:  layout_caves
Slime:2:  layout_caves, basic_altar
Slime:3:  layout_caves, nicolae_slime_crime_time
Slime:4:  layout_caves
Slime:5:  slime_pit_nicolae_block_by_block
Orc:1:    layout_caves, serial_shops, nicolae_lakefront_shop,
          portal_ice_cave_entry_pillars_1
Orc:2:    st_orc_elflike, layout_caves, serial_shops, shop, uniq_rupert
Elf:1:    elf_arrival_001, layout_geoelf_octagon, minivault_28, door_vault
Elf:2:    elven_hall_of_blades_hangedman_original
          [nicolae_blade_entry_crossed_weapons], layout_gridlike, uniq_donald
Elf:3:    minmay_elf_hall_x, layout_geoelf_grid, grunt_megastairs_3,
          minmay_shop_grove
Vaults:1: minmay_guarded_unrand_sword_of_power,
          nicolae_vaults_shrinking_rooms_2, v_misc_25,
          nicolae_vaults_shrinking_rooms_1, nicolae_vaults_shelves_hall,
          nicolae_vaults_apartment_2, nicolae_vaults_diagonal_hallway_6,
          nicolae_vaults_closet_pinwheel_4, v_misc_11, v_misc_4,
          layout_vaults_maze_snakey
Vaults:2: v_misc_5, nicolae_vaults_offset_grid_hallway_1,
          nicolae_vaults_angled_halls, nicolae_vaults_turnstiles,
          grunt_tower_of_power, minmay_crypt_entry_necro_gods,
          ontoclasm_vaults_eye, nicolae_vaults_diamond_2,
          nicolae_vaults_storage_closets_2, nicolae_vaults_diamond_1,
          nicolae_vaults_little_squares_4, nicolae_vaults_little_squares_4,
          ontoclasm_vaults_chip, hangedman_vaults_cutoff,
          layout_vaults_chaotic_city, serial_shops,
          nicolae_shop_overgrown_old_shop
Vaults:3: nicolae_vaults_theta, nicolae_vaults_offset_grid_hallway_1,
          nicolae_vaults_three_branches, ontoclasm_vaults_chip, v_pattern_2,
          v_misc_9, nicolae_vaults_little_squares_3, nicolae_vaults_network_s,
          vaults_standard_mumra_x, v_misc_8, nicolae_vaults_diamond_1,
          layout_vaults_omnibox
Vaults:4: vaults_room_grid, gammafunk_its_a_trap,
          nicolae_vaults_more_shelving_2, nicolae_vaults_heart-shaped_vault,
          nicolae_vaults_tetromino_T_1, ontoclasm_vaults_loading_screen,
          lightli_orcish_oven, nicolae_vaults_two_Ls, serial_ice_g,
          vaults_mumra_hexcomb, nicolae_vaults_little_squares_6,
          layout_vaults_quadrants, serial_shops, shop
Crypt:1:  layout_basic, hellmonk_ghost_big_iron, nicolae_crypt_lichyard,
          grunt_megastairs_5
Crypt:2:  cheibrodos_crypt_draghalla, layout_regular_city, uniq_sojobo,
          uniq_bai_suzhen
Crypt:3:  evilmike_haunted_forest, uniq_margery
Depths:1: layout_gridlike, pf_hell_entry_tar_river,
          nicolae_ru_great_annihilating_truth, uniq_asterion, uniq_boris
Depths:2: kennysheep_large_vault, layout_honeycomb, enter_ziggurat_e,
          grunt_pan_entry_spiral, nicolae_dithmenos_through_a_glass_darkly,
          abyss_entry, pf_coc_iceberg, infiniplex_staircase_river, uniq_vv
Depths:3: nzn_winding_woodlands_large [nzn_winding_woodlands_5x5_three,
          nzn_winding_woodlands_5x15_concentric,
          nzn_winding_woodlands_5x5_closed_star,
          nzn_winding_woodlands_center_triple_pond,
          nzn_winding_woodlands_15x15_five_gardens,
          nzn_winding_woodlands_center_diamonds,
          nzn_winding_woodlands_5x5_checkerboard,
          nzn_winding_woodlands_5x15_split_checker,
          nzn_winding_woodlands_5x5_cross], layout_basic, abyss_entry,
          pan_entry, hell_entry, minmay_misc_feat_pillars,
          infiniplex_staircase_split_hallway
Depths:4: grunt_twist_and_shout, layout_basic,
          nicolae_abyss_entry_one_way_or_another, grunt_hell_entry_dis_old,
          moated_statue, hangedman_decor_peaks_small, evilmike_ruin_ashenzari,
          uniq_josephina, uniq_parghit
Zot:1:    regret_index_all_hallows'_manor, layout_misc_corridors,
          grunt_ministairs_2, zot_minivault_1
Zot:2:    layout_misc_corridors, gammafunk_ghost_mausoleum,
          hangedman_zot_decor_scrapings
Zot:3:    layout_cellular_growth, regret_index_zotdec_glowing_original,
          hangedman_hellfire_club
Zot:4:    layout_twisted_circle, bh_zot_levy_curve
Zot:5:    layout_misc_corridors, st_stairs_10, hangedman_feature_mirror

Skill      XL: |  1  2  3  4  5  6  7  8  9 10 11 12 13 14 15 16 17 18 19 20 21 22 23 24 25 26 27 |
---------------+----------------------------------------------------------------------------------+-----
Dodging        | 1 2 3 4 5 6 7 8 9 10 11 12 13 14 15 16 17 | 17.5
Stealth        | 5 6 7 8 9 10 11 12 13 | 13.1
Fighting       | 2 3 4 5 6 7 8 9 10 11 12 13 14 15 16 17 18 | 18.6
Long Blades    | 1 2 3 4 6 7 9 10 11 12 13 14 15 16 17 18 19 20 | 20.8
Invocations    | 3 4 6 7 8 9 10 11 12 13 14 15 | 15.0
Translocations | 3 4 6 7 10 11 13 14 15 16 17 | 17.0
Hexes          | 2 |  2.0
Spellcasting   | 2 3 5 6 7 9 10 11 12 14 | 14.1
Armour         | 1 3 5 6 7 8 9 10 11 12 13 14 | 14.6
Necromancy     | 4 7 8 10 11 12 | 12.9
Summonings     | 4 6 8 9 |  9.0
Earth Magic    | 3 6 |  6.7
Short Blades   | |  1.7
Throwing       | |  1.7

Action                     |  1- 3 |  4- 6 |  7- 9 | 10-12 | 13-15 | 16-18 | 19-21 | 22-24 | 25-27 || total
---------------------------+-------+-------+-------+-------+-------+-------+-------+-------+-------++-------
  Melee: Dagger            |    72 |   110 |    98 |    20 |    18 |       |       |       |       ||   318
         Bite              |    15 |    19 |    74 |   141 |   210 |   204 |   182 |   218 |   136 ||  1199
         Punch             |       |     2 |     2 |     5 |     3 |       |       |       |       ||    12
         Falchion          |       |       |   113 |    76 |       |       |       |       |       ||   189
         Scimitar          |       |       |       |   343 |    74 |       |       |       |       ||   417
         Long sword        |       |       |       |       |    25 |     4 |       |       |       ||    29
         Triple sword      |       |       |       |       |   475 |   815 |   949 |  1248 |  1420 ||  4907
         Demon blade       |       |       |       |       |    67 |    13 |       |       |       ||    80
         Great sword       |       |       |       |       |       |       |     3 |       |       ||     3
   Fire: Sling             |       |     8 |    44 |    21 |       |     5 |       |       |       ||    78
         Shortbow          |       |       |       |    40 |    47 |       |       |       |       ||    87
  Throw: Dart              |       |     1 |    26 |    23 |     5 |       |       |       |       ||    55
         Stone             |       |       |       |     1 |       |       |       |       |       ||     1
   Cast: Vhi's Electric Ch |       |       |       |       |     5 |       |     3 |    42 |    40 ||    90
         Blink             |       |       |       |       |     3 |    10 |       |     7 |     9 ||    29
         Lesser Beckoning  |       |       |       |       |     2 |    79 |    72 |    32 |     2 ||   187
         Manifold Assault  |       |       |       |       |       |   182 |   250 |   476 |   601 ||  1509
         Apportation       |       |       |       |       |       |     9 |     6 |    44 |    48 ||   107
         Sublimation of Bl |       |       |       |       |       |       |       |    25 |    46 ||    71
         Passage of Golubr |       |       |       |       |       |       |       |    12 |   103 ||   115
         Dispersal         |       |       |       |       |       |       |       |     2 |       ||     2
         Fugue of the Fall |       |       |       |       |       |       |       |     1 |       ||     1
         Animate Dead      |       |       |       |       |       |       |       |     2 |    27 ||    29
         Martyr's Knell    |       |       |       |       |       |       |       |       |    15 ||    15
         Death Channel     |       |       |       |       |       |       |       |       |    28 ||    28
         Animate Armour    |       |       |       |       |       |       |       |       |    15 ||    15
 Invoke: Bend Time         |       |       |       |     2 |     3 |       |       |       |       ||     5
         Slouch            |       |       |       |       |     8 |     5 |     9 |     5 |     6 ||    33
         Step From Time    |       |       |       |       |       |       |       |     1 |     1 ||     2
  Evoke: Wand              |       |       |     2 |     7 |     2 |       |     1 |       |    24 ||    36
    Use: Scroll            |       |     5 |     3 |    14 |    16 |     8 |     4 |     6 |    10 ||    66
         Potion            |       |       |       |       |     3 |     1 |     1 |     2 |     3 ||    10
   Stab: Sleeping          |    11 |    19 |    15 |    15 |     6 |       |       |       |       ||    66
         Distracted        |       |       |       |     3 |     1 |       |       |     3 |     3 ||    10
         Invisible         |       |       |       |     1 |     7 |       |       |       |       ||     8
         Confused          |       |       |       |       |       |       |       |     1 |       ||     1
 Armour: Robe              |    16 |    21 |    30 |    74 |     3 |       |       |       |       ||   144
         Crystal plate arm |       |       |       |       |   388 |   479 |   362 |   350 |   315 ||  1894
         Troll leather arm |       |       |       |       |     3 |       |       |       |       ||     3
  Dodge: Dodged            |    38 |    49 |   129 |   398 |   651 |   470 |   289 |   369 |   271 ||  2664

Table legend: (Time is in decaauts)
 A = Elapsed time spent in this place.
 B = Non-inter-level travel time spent in this place.
 C = Inter-level travel time spent in this place.
 D = Time resting spent in this place.
 E = Time spent auto-exploring this place.
 F = Levels seen in this place.
 G = Mean time per level.
                   A        B        C        D        E       F      G
               +--------+--------+--------+--------+--------+-----+--------+
         Total |  83797 |  68429 |  15368 |   2864 |  35971 |  61 | 1373.7 |
       Dungeon |  19560 |  16332 |   3228 |    229 |   9916 |  15 | 1304.0 |
        Temple |    138 |    132 |      6 |      0 |    120 |   1 |  138.0 |
          Lair |   9279 |   7345 |   1934 |     77 |   4921 |   5 | 1855.8 |
         Swamp |   4699 |   4338 |    361 |    202 |   2805 |   4 | 1174.8 |
     Snake Pit |   5961 |   4676 |   1285 |    219 |   2705 |   4 | 1490.2 |
    Slime Pits |   3659 |   2347 |   1312 |    177 |    826 |   5 |  731.8 |
  Orcish Mines |   3134 |   2287 |    847 |    111 |    820 |   2 | 1567.0 |
   Elven Halls |   6103 |   4945 |   1158 |    442 |   2250 |   3 | 2034.3 |
        Vaults |   8961 |   7873 |   1088 |    175 |   5969 |   4 | 2240.2 |
         Crypt |   4897 |   4205 |    692 |     32 |   1685 |   3 | 1632.3 |
        Depths |   8424 |   6555 |   1869 |    344 |   3529 |   4 | 2106.0 |
           Zot |   6127 |   4544 |   1583 |    729 |    242 |   5 | 1225.4 |
         Abyss |    583 |    583 |      0 |      7 |     77 |   3 |  194.3 |
        Bailey |    588 |    588 |      0 |    111 |     18 |   1 |  588.0 |
      Ice Cave |   1121 |   1121 |      0 |      7 |     50 |   1 | 1121.0 |
      Gauntlet |    555 |    555 |      0 |      0 |     34 |   1 |  555.0 |
               +--------+--------+--------+--------+--------+-----+--------+

Top non-repeatable levels by time:
Vaults:2: 3173 daAuts
   Elf:3: 2517 daAuts
Vaults:4: 2483 daAuts
Depths:3: 2389 daAuts
Depths:4: 2248 daAuts
    D:14: 2221 daAuts
  Lair:2: 2221 daAuts
   Orc:2: 2206 daAuts
Depths:2: 2125 daAuts
  Lair:5: 2057 daAuts
    D:11: 1993 daAuts
   Elf:2: 1950 daAuts
Vaults:1: 1857 daAuts
  Lair:3: 1837 daAuts
 Crypt:3: 1777 daAuts
